 Dungeon Crawl Stone Soup version 0.28.0 (webtiles) character file.

Game seed: 1040383278258604427

4944 zeram the Basher (level 10, -2/64 HPs)
             Began as a Gargoyle Fighter on Feb 18, 2022.
             Was a Follower of Yredelemnul.
             Slain by a wolf (6 damage)
             ... led by Grum
             ... while paralysed by Maurice
             ... on level 10 of the Dungeon.
             The game lasted 00:17:45 (10059 turns).

zeram the Basher (Gargoyle Fighter)                Turns: 10059, Time: 00:17:46

Health: -2/64      AC: 26    Str: 31    XL:     10   Next: 52%
Magic:  19/19      EV:  2    Int:  8    God:    Yredelemnul [*.....]
Gold:   416        SH:  0    Dex:  9    Spells: 7/9 levels left

rFire   . . .      SeeInvis .   k - +9 mace "Hell-Harrower" {vorpal, rF+}
rCold   + + .      Faith    .   t - +0 tower shield
rNeg    + . .      Spirit   .   q - +2 ice dragon scales
rPois   ∞          Reflect  .   n - +0 helmet
rElec   +          Harm     .   z - +1 cloak
rCorr   .          Rampage  .   l - +0 pair of gloves
Will    .....                   (no boots)
Stlth   ..........              (no amulet)
HPRegen 0.20/turn               i - ring of magical power
MPRegen 0.16/turn               v - +6 ring of strength

@: paralysed
A: sickness immunity, AC +7, negative energy resistance 1, electricity
resistance, torment resistance 1, petrification resistance
a: Renounce Religion, Recall Undead Harvest


You were on level 10 of the Dungeon.
You worshipped Yredelemnul.
Yredelemnul was noncommittal.
You visited 2 branches of the dungeon, and saw 11 of its levels.
You also visited: Bailey.

You collected 598 gold pieces.
You spent 182 gold pieces at shops.

Inventory:

Hand Weapons
 a - a +1 vampiric flail
 j - a +1 broad axe of venom
 k - the +9 mace "Hell-Harrower" (weapon) {vorpal, rF+}
   (You found it on level 5 of the Dungeon)

   It inflicts extra damage upon your enemies.
   rF:        It protects you from fire.
Armour
 c - a +1 buckler
 l - a +0 pair of gloves (worn)
 n - a +0 helmet (worn)
 q - +2 ice dragon scales (worn)
 r - a +1 plate armour
 t - a +0 tower shield (worn)
 z - a +1 cloak (worn)
Jewellery
 d - an amulet of faith
 i - a ring of magical power (left hand)
 v - a +6 ring of strength (right hand)
 y - a ring of poison resistance
Wands
 m - a wand of polymorph (5)
 A - a wand of iceblast (4)
Scrolls
 b - 3 scrolls of teleportation
 o - 7 scrolls of blinking
 p - a scroll of fear
 C - a scroll of identify
Potions
 e - a potion of curing {unknown}
 f - 2 potions of mutation {unknown}
 s - a potion of heal wounds
 u - a potion of lignification {unknown}
 w - 3 potions of cancellation
 x - 2 potions of brilliance {unknown}
 B - a potion of resistance {unknown}


   Skills:
 + Level 8.0 Fighting
 + Level 10.0 Maces & Flails
 + Level 8.6 Armour
 + Level 2.3 Dodging
 + Level 6.8 Shields


You had 7 spell levels left.
You knew the following spells:

 Your Spells              Type           Power      Damage    Failure   Level
a - Blink                 Tloc           0%         N/A       100%        2

Your spell library contained the following spells:

 Spells                   Type           Power      Damage    Failure   Level
 Scorch                   Fire           0%         2d5       100%        2
 Conjure Flame            Conj/Fire      0%         6-21      100%        3
 Dazzling Flash           Conj/Hex       0%         N/A       100%        3
 Ignite Poison            Fire/Tmut/Pois 0%         N/A       100%        3
 Summon Guardian Golem    Hex/Summ       0%         N/A       100%        3
 Flame Wave               Conj/Fire      0%         2d4       100%        4
 Iskenderun's Mystic Bla  Conj/Tloc      0%         2d3       100%        4
 Sticky Flame             Conj/Fire      0%         2d3       100%        4
 Manifold Assault         Tloc           0%         N/A       100%        5
 Starburst                Conj/Fire      0%         6d3       100%        6
 Summon Cactus Giant      Summ           0%         N/A       100%        6
 Orb of Destruction       Conj           0%         9d5       100%        7
 Spellforged Servitor     Conj/Summ      0%         N/A       100%        7
 Storm Form               Tmut/Air       0%         N/A       100%        7


Dungeon Overview and Level Annotations

Branches:
Dungeon (10/15)            Temple (1/1) D:5             Orc (0/2) D:10
 Bailey (visited)
   Lair: D:8-11

Altars:
Ashenzari
Cheibriados
Dithmenos
Elyvilon
Fedhas
Gozag
Hepliaklqana
Kikubaaqudgha
Nemelex Xobeh
Okawaru
Qazlal
Ru
Sif Muna
Trog
Uskayaw
Vehumet
Wu Jian
Xom
Yredelemnul
Zin
The Shining One

Shops:
D:8 *   D:9 [   D:10 ([

Annotations:
D:10 Maurice


Innate Abilities, Weirdness & Mutations

You are immune to sickness and miasma.
Your stone body is resilient. (AC +7)
You are immune to poison.
You resist negative energy. (rN+)
You are resistant to electric shocks. (rElec)
You are resistant to unholy torment.
You are immune to petrification.


Message History

The orc warrior hits you but does no damage.
The orc hits you but does no damage.
Your kobold demonologist zombie barely misses the wolf.
You block the wolf's attack. The wolf bites you.
Grum hits the orc.
You sock the orc!
You kill the orc!
A black mist starts to gather...
You block the wolf's attack. The wolf bites you but does no damage.
You block the orc warrior's attack. The orc hits you but does no damage.
Your kobold demonologist zombie hits the wolf but does no damage.
The wolf bites you but does no damage. You block the wolf's attack.
Grum hits the orc.
The orc dies!
A black mist starts to gather...
You closely miss the wolf.
The wolf bites you but does no damage. x2
The orc warrior hits you but does no damage.
You block the wolf's attack. The wolf bites you but does no damage.
Your kobold demonologist zombie hits the wolf but does no damage.
Something drops a +0 short sword.
Something picks up a +0 mace.
The orc warrior hits you with a +0 scimitar!
* * * LOW HITPOINT WARNING * * *
You closely miss the wolf. The wolf bites you.
* * * LOW HITPOINT WARNING * * *
You block the wolf's attack.
Grum hits something.
You block the wolf's attack.
You hear a zap.
You suddenly lose the ability to move!
The wolf bites you but does no damage.
The orc warrior hits you but does no damage.
Your kobold demonologist zombie barely misses the wolf.
Your orc zombie hits the wolf but does no damage.
The wolf bites you but does no damage. x2; Grum hits something!
Your orc zombie barely misses something.
Something hits you.
* * * LOW HITPOINT WARNING * * *
Something steals your +1 short sword of draining!
The orc warrior hits you but does no damage.
The wolf completely misses you. The wolf bites you but does no damage.
Your kobold demonologist zombie hits the wolf but does no damage.
The wolf bites you but does no damage. The wolf bites you.
You die...
Your body rises from the dead as a mindless zombie.

........$.$...
#...∩.>.∩.$..#
#.$....).....#
#......$$....#
............#
....Z.....#
#......#####oh{Z.#
#......#...'.@h..#
#......#...#.ZZ..+
#......#...#.....#
#......#..Z#.......#
#....##'##.......+
#....#...#.......#
#....'...#.......#
#....#...#.......#####+#
#....#...#..............


You could see an orc warrior, 2 wolves, a friendly kobold demonologist zombie, 2
friendly orc zombies and the friendly Grum the gnoll zombie.

Vanquished Creatures
  An orc knight (Bailey)
  A deep elf pyromancer (Bailey)
  2 kobold demonologists (D:10)
  A vampire (D:9)
  Grum (D:10)
  A steam dragon (D:9)
  An acid dragon (D:8)
  A water moccasin (D:7)
  A black bear (D:4)
  6 orc warriors (Bailey)
  2 sky beasts
  4 necrophages
  2 centaurs
  4 bullfrogs
  A kobold brigand (D:9)
  2 scorpions (D:6)
  3 killer bees (D:7)
  2 howler monkeys
  2 centaur zombies
  2 orc priests (D:5)
  2 bullfrog skeletons
  3 hounds
  A bullfrog zombie (D:7)
  Jessica (D:3)
  3 iguanas
  2 orc wizards
  A scorpion zombie (D:5)
  A howler monkey zombie (D:8)
  14 gnolls
  6 adders
  2 shadow imps
  An ufetubus (D:5)
  2 worms
  A dart slug (D:2)
  30 orcs
  8 endoplasms
  2 giant cockroaches (D:3)
  A gnoll zombie (D:5)
  11 goblins
  13 hobgoblins
  15 kobolds
  5 quokkas
  7 ball pythons
  8 bats
  2 frilled lizards (D:3)
  3 goblin zombies (D:5)
  A kobold zombie (D:5)
  An orc zombie (D:5)
  7 rats
194 creatures vanquished.

Vanquished Creatures (collateral kills)
  An orc warrior (Bailey)
  A kobold brigand (D:10)
  A hound (D:6)
  2 orcs
  2 kobolds
  A bush (D:8)
8 creatures vanquished.

Vanquished Creatures (others)
  3 kobold zombies
  8 orc zombies
  An orc (D:5)
  A bush (D:8)
  2 plants (D:8)
15 creatures vanquished.

Grand Total: 217 creatures vanquished

Notes
Turn   | Place    | Note
-------+----------+-------------------------------------------
     0 | D:1      | zeram the Gargoyle Fighter began the quest for the Orb.
     0 | D:1      | Reached XP level 1. HP: 14/14 MP: 1/1
   471 | D:1      | Reached XP level 2. HP: 9/19 MP: 2/2
  1098 | D:1      | Found a blossoming altar of Fedhas.
  1307 | D:2      | Found a faded altar of an unknown god.
  1328 | D:2      | Reached XP level 3. HP: 19/23 MP: 3/3
  1649 | D:2      | Reached XP level 4. HP: 29/29 MP: 4/4
  1682 | D:2      | Reached skill level 3 in Maces & Flails
  1969 | D:3      | Noticed Jessica
  2007 | D:3      | Killed Jessica
  2008 | D:3      | Reached XP level 5. HP: 13/33 MP: 4/5
  2412 | D:3      | Reached skill level 1 in Dodging
  3014 | D:3      | Learned a level 2 spell: Blink
  3185 | D:4      | Noticed a necrophage
  3203 | D:4      | Killed a necrophage
  3204 | D:4      | Reached skill level 5 in Armour
  3204 | D:4      | Reached XP level 6. HP: 39/39 MP: 6/6
  3509 | D:4      | Found an opulent altar of Gozag.
  3741 | D:5      | Entered Level 5 of the Dungeon
  3816 | D:5      | Noticed a black bear
  3847 | D:4      | Killed a black bear
  3848 | D:4      | Reached skill level 4 in Maces & Flails
  3848 | D:4      | Reached XP level 7. HP: 18/44 MP: 7/7
  4586 | D:5      | Found a staircase to the Ecumenical Temple.
  4697 | D:5      | Reached skill level 5 in Fighting
  4732 | Temple   | Entered the Ecumenical Temple
  4784 | Temple   | Became a worshipper of Yredelemnul the Dark
  4984 | D:5      | Identified the +9 mace "Hell-Harrower" {vorpal, rF+}
  5055 | D:5      | Reached * piety under Yredelemnul
  5131 | D:5      | Reached ** piety under Yredelemnul
  5145 | D:5      | Reached skill level 5 in Maces & Flails
  5490 | D:6      | Reached XP level 8. HP: 47/49 MP: 8/8
  5534 | D:6      | Reached skill level 6 in Maces & Flails
  6175 | D:7      | Reached skill level 7 in Maces & Flails
  6175 | D:7      | Reached skill level 5 in Shields
  6644 | D:7      | Identified the +2 longbow of Zojuoddy {freeze, Int+2}
  6921 | D:8      | Found a blossoming altar of Fedhas.
  7102 | D:7      | Reached XP level 9. HP: 44/55 MP: 9/9
  7167 | D:8      | Reached skill level 8 in Maces & Flails
  7506 | D:8      | Found a flagged portal.
  7550 | Bailey   | Entered a bailey
  7593 | Bailey   | Noticed an orc knight
  7615 | Bailey   | HP: 2/56 [orc warrior (11)]
  7670 | Bailey   | Killed an orc knight
  7671 | Bailey   | Reached skill level 9 in Maces & Flails
  8023 | Bailey   | Found a large runed translucent door.
  8023 | Bailey   | Found a large runed translucent door.
  8024 | Bailey   | Noticed a deep elf pyromancer
  8092 | Bailey   | Killed a deep elf pyromancer
  8093 | Bailey   | Reached XP level 10. HP: 59/63 MP: 10/10
  8462 | D:8      | Found Detous's Assorted Antiques.
  8468 | D:8      | Bought a golden potion for 27 gold pieces
  8468 | D:8      | Bought an encrusted bone ring for 155 gold pieces
  8534 | D:8      | Found a snail-covered altar of Cheibriados.
  8843 | D:9      | Found a shimmering altar of Xom.
  9527 | D:9      | Found Ipecu's Armour Boutique.
  9599 | D:9      | Found a hazy altar of Hepliaklqana.
  9686 | D:10     | Entered Level 10 of the Dungeon
  9820 | D:10     | Noticed a kobold demonologist
  9821 | D:10     | Noticed a kobold demonologist
  9823 | D:10     | Noticed a soul eater
  9829 | D:10     | Killed a kobold demonologist
  9842 | D:10     | Killed a kobold demonologist
  9843 | D:10     | Reached skill level 10 in Maces & Flails
 10043 | D:10     | Noticed Grum
 10044 | D:10     | Found a staircase to the Orcish Mines.
 10044 | D:10     | Found Awnefih's Armour Boutique.
 10045 | D:10     | Found Doat's Weapon Boutique.
 10045 | D:10     | Noticed Maurice
 10053 | D:10     | Killed Grum
 10057 | D:10     | Paralysed by something for 7 turns
 10059 | D:10     | Slain by a wolf

Illustrated notes

Levels and vault maps discovered:
D:1:      dpeg_arrival_lava_altar, layout_loops_cross
D:2:      layout_rooms, hellmonk_ecumenical_altar_slurped_away,
          mrwooster_statue_mirror
D:3:      layout_basic, serial_corexii_hall, chequers_hall_statues_corner_a,
          corexii_hall_statues_u, corexii_hall_statues_i,
          chequers_hall_statues_y, corexii_hall_statues_i, uniq_jessica
D:4:      layout_loops_ring, grunt_gozag_breadcrumbs
D:5:      corexii_shantytown, layout_cave_pools, minmay_temple_entry_slanted,
          minmay_statues_item
D:6:      layout_cave_pools
D:7:      layout_gridville, bh_walls_and_bars
D:8:      layout_basic, cheibrodos_worm_habitat, fedhas_bush_and_centaur_altar,
          serial_rivers, chequers_serial_rivers_marsh,
          chequers_serial_rivers_micro_a, chequers_serial_rivers_room_a,
          chequers_serial_rivers_small_b, chequers_serial_rivers_micro_e,
          chequers_serial_rivers_small_a, enter_bailey_2, serial_shops,
          nicolae_shop_overgrown_old_shop, minmay_microvault
D:9:      layout_loops_ring, mainiacjoe_overflow_24_doors,
          mainiacjoe_overflow_six_doors_small, serial_shops,
          nicolae_shop_advertising_works [nicolae_subvault_shop_adworks]
D:10:     layout_gridville, mainiacjoe_overflow_surrounded_room, orc_david_3,
          chequers_serial_rivers_small_b, uniq_grum, uniq_maurice, uniq_psyche
Temple:   nicolae_temple_x_marks_the_god

Skill      XL: |  1  2  3  4  5  6  7  8  9 10 |
---------------+-------------------------------+-----
Maces & Flails | 3 4 5 7 9 10 | 10.0
Armour         | 4 5 6 8 |  8.6
Fighting       | 4 5 6 7 8 |  8.0
Dodging        | 1 2 |  2.3
Shields        | 4 5 6 |  6.8

Action                   |  1- 3 |  4- 6 |  7- 9 | 10-12 || total
-------------------------+-------+-------+-------+-------++-------
Melee: Flail             |    97 |    96 |    99 |       ||   292
       Broad axe         |       |    69 |       |       ||    69
       Unarmed           |       |    12 |       |       ||    12
       Mace              |       |       |   184 |    82 ||   266
  Use: Scroll            |     3 |     3 |    15 |     1 ||    22
       Potion            |       |     1 |     8 |     1 ||    10
 Stab: Distracted        |       |       |     2 |       ||     2
       Invisible         |       |       |     1 |       ||     1
Armor: Scale mail        |    64 |    62 |       |       ||   126
       Skin              |       |    10 |       |       ||    10
       Plate armour      |       |    69 |   186 |       ||   255
       Ice dragon scales |       |       |       |   108 ||   108
Dodge: Dodged            |    46 |    78 |    84 |    32 ||   240
Block: Buckler           |    17 |    48 |    80 |     1 ||   146
       Tower shield      |       |       |       |    81 ||    81
